 Dungeon Crawl Stone Soup version 0.17-a0-1714-g35622ae (webtiles) character file.

3561 kae the Fencer (level 9, -4/70 HPs)
             Began as a Minotaur Fighter on Aug 23, 2015.
             Was a Priest of Makhleb.
             Killed by Ozocubu's Refrigeration
             ... invoked by Fannar
              (16 damage)
             ... on level 10 of the Dungeon.
             The game lasted 00:09:58 (8666 turns).

kae the Fencer (Minotaur Fighter)                   Turns: 8666, Time: 00:09:59

Health: -4/70      AC: 10    Str: 23    XL:     9   Next: 83%
Magic:  8/8        EV: 12    Int: 11    God:    Makhleb [***...]
Gold:   382        SH: 10    Dex: 14    Spells: 0 memorised, 8 levels left

rFire  . . .     SeeInvis .     C - +0 long sword (holy)
rCold  . . .     Clarity  .     b - +1 scale mail
rNeg   . . .     SustAt   .     c - +0 shield
rPois  .         Gourm    .     (helmet restricted)
rElec  .         Spirit   .     s - +0 cloak {+Inv}
rCorr  .         Warding  .     N - +0 pair of gloves
rMut   .         Stasis   .     (no boots)
MR     .....                    (no amulet)
Stlth  +.........               I - ring of flight
                                E - +4 ring of intelligence

@: agile, not resistant to hostile enchantments, very unstealthy
A: retaliatory headbutt, horns 2
a: Minor Destruction, Lesser Servant of Makhleb, Renounce Religion, Evoke
Invisibility, Evoke Flight


You were on level 10 of the Dungeon.
You worshipped Makhleb.
Makhleb was most pleased with you.
You were not hungry.

You visited 2 branches of the dungeon, and saw 11 of its levels.
You also visited: Sewer.

You collected 382 gold pieces.

Inventory:

Hand weapons
 a - a +1 long sword
 C - a +0 long sword of holy wrath (weapon)
Armour
 b - a +1 scale mail (worn)
 c - a +0 shield (worn)
 s - a +0 cloak of invisibility (worn)
 N - a +0 pair of gloves (worn)
Jewellery
 l - an uncursed ring of ice
 p - an uncursed ring of stealth
 E - a +4 ring of intelligence (left hand)
 I - a ring of flight (right hand)
Magical devices
 t - a wand of fire (9)
 u - a wand of lightning (10)
 w - a wand of frost (20)
 G - a wand of fireball (9)
Scrolls
 d - 3 scrolls of enchant armour
 g - 4 scrolls of identify
 h - 4 scrolls of amnesia
 i - a scroll of blinking
 k - 4 scrolls of teleportation
 o - 5 scrolls of remove curse
 y - 2 scrolls of random uselessness
 D - a scroll of fog
 K - 2 scrolls of enchant weapon
Potions
 f - 2 potions of mutation {unknown}
 j - 3 potions of curing
 m - a potion of degeneration {unknown}
 n - 4 potions of poison {unknown}
 q - a potion of resistance {unknown}
 z - 2 potions of lignification
 A - 2 potions of flight {unknown}
 B - 2 potions of cancellation {unknown}
 H - 3 potions of magic {unknown}
Books
 M - a book of the Dragon

   Spells                             Type                      Level
   a - Flame Tongue                   Conjuration/Fire             1
   b - Cause Fear                     Hexes                        4
   c - Bolt of Fire                   Conjuration/Fire             6
   d - Dragon Form                    Transmutation                7
   e - Dragon's Call                  Summoning                    9
Comestibles
 e - a bread ration
 v - 2 royal jellies
 x - a meat ration
 F - 2 slices of pizza
 J - 4 fruits


   Skills:
 - Level 3.6 Fighting
 + Level 15.9 Long Blades
 - Level 3.6 Armour
 - Level 3.6 Shields


You had 8 spell levels left.
You didn't know any spells.

Dungeon Overview and Level Annotations

Branches:
Dungeon (11/15)            Temple (1/1) D:6
   Lair: D:8-11         Orc: D:9-12

Altars:
Ashenzari
Cheibriados
Dithmenos
Fedhas
Gozag
Makhleb
Nemelex Xobeh
Okawaru
Qazlal
Ru
Sif Muna
Trog
Xom
Yredelemnul
The Shining One

Shops:
D:5 :

Annotations:
D:4 1 exclusion
D:10 Fannar


Innate Abilities, Weirdness & Mutations

You reflexively headbutt those who attack you in melee.
You have a pair of horns on your head.


Message History

* * * LOW HITPOINT WARNING * * *
You block the ice beast's attack.
Drink which item? (? for menu, Esc to quit)
You feel much better. You block the ice beast's attack.
Read which item? (? for menu, Esc to quit)
Okay, then.
Drink which item? (? for menu, Esc to quit)
You feel agile all of a sudden. You block the ice beast's attack.
You hit the ice beast. You headbutt the ice beast!
The ice beast is almost dead.
You hit the ice beast.
You kill the ice beast!
Fannar gestures at you while chanting. The bolt of cold hits you!
* * * LOW HITPOINT WARNING * * *
Fannar mumbles some strange words.
Fannar drains the heat from the surrounding environment!
You feel very cold.
You die...

#.# #.# #.# #.#
##.# #.># #.##
##.#.
#########.###......
...<....†e@...#
#..####.####### #.#
#b# ..# .P# .P.#
P.P.


You could see Fannar.

Vanquished Creatures
  A shadow (D:10)
  A wasp (D:8)
  An orc warrior (D:8)
  2 centaurs
  3 ice beasts
  2 ogres
  2 big kobolds
  3 giant frogs
  2 gnoll sergeants
  A scorpion (D:8)
  6 killer bees
  7 wights
  A quasit (D:5)
  3 crimson imps
  3 giant frog zombies
  The ghost of Charly the Firebug, a weakling DEFE (D:3)
  4 orc priests
  A centaur skeleton (D:7)
  3 hounds
  3 jellies
  2 giant frog skeletons
  5 worker ants
  An iguana (D:7)
  Natasha (thrice) (D:3)
  7 orc wizards
  A hound zombie (D:6)
  2 hound skeletons
  Robin (D:4)
  3 river rats
  13 adders
  16 gnolls
  3 oozes
  2 adder zombies (D:7)
  7 worms
  7 giant geckos
  21 orcs
  5 giant cockroaches
  12 goblins
  7 hobgoblins
  19 jackals
  13 kobolds
  4 quokkas
  A ball python (D:5)
  10 bats
  A giant gecko skeleton (D:6)
  3 giant newts
  A quokka skeleton (D:4)
  A quokka zombie (D:6)
  13 rats
234 creatures vanquished.

Vanquished Creatures (others)
  A rat (D:10)
1 creature vanquished.

Grand Total: 235 creatures vanquished

Notes
Turn   | Place    | Note
--------------------------------------------------------------
     0 | D:1      | kae the Minotaur Fighter began the quest for the Orb.
     0 | D:1      | Reached XP level 1. HP: 19/19 MP: 0/0
   230 | D:1      | Reached XP level 2. HP: 24/26 MP: 1/1
   319 | D:1      | Reached skill level 4 in Long Blades
   903 | D:1      | Reached XP level 3. HP: 31/31 MP: 2/2
  1057 | D:1      | Reached skill level 5 in Long Blades
  1121 | D:1      | Reached XP level 4. HP: 26/39 MP: 3/3
  1583 | D:2      | Reached skill level 6 in Long Blades
  1595 | D:2      | Reached XP level 5. HP: 21/45 MP: 4/4
  2291 | D:3      | Found a blossoming altar of Fedhas.
  2306 | D:3      | Noticed Charly's ghost (weakling DEFE)
  2310 | D:3      | Killed Charly's ghost
  2310 | D:3      | Reached skill level 7 in Long Blades
  2427 | D:3      | Found a snail-covered altar of Cheibriados.
  2514 | D:3      | Noticed Natasha
  2527 | D:3      | Killed Natasha
  2777 | D:3      | Noticed Natasha
  2782 | D:3      | Killed Natasha
  2924 | D:3      | Reached XP level 6. HP: 48/51 MP: 5/5
  3055 | D:3      | Noticed Natasha
  3072 | D:3      | Killed Natasha
  3287 | D:3      | Reached skill level 8 in Long Blades
  3856 | D:4      | Noticed a moth of wrath
  3859 | D:4      | Found a bloodstained altar of Trog.
  3909 | D:4      | Noticed Robin
  3923 | D:4      | Killed Robin
  3989 | D:5      | Entered Level 5 of the Dungeon
  4197 | D:5      | Reached skill level 9 in Long Blades
  4378 | D:5      | Found a glowing drain.
  4387 | D:5      | Reached XP level 7. HP: 53/57 MP: 6/6
  4405 | Sewer    | Entered a sewer
  4612 | Sewer    | Found a white marble altar of Elyvilon.
  4736 | D:5      | Reached skill level 10 in Long Blades
  4896 | D:5      | Found Qycearph's Book Emporium.
  5444 | D:6      | Found an iron altar of Okawaru.
  5495 | D:6      | Reached skill level 11 in Long Blades
  5541 | D:6      | Reached XP level 8. HP: 60/64 MP: 7/7
  5850 | D:6      | Reached skill level 12 in Long Blades
  5907 | D:6      | Found a staircase to the Ecumenical Temple.
  5931 | Temple   | Entered the Ecumenical Temple
  5969 | Temple   | Became a worshipper of Makhleb the Destroyer
  6136 | D:6      | Reached skill level 13 in Long Blades
  6375 | D:7      | HP: 2/64 [killer bee (2)]
  6731 | D:7      | Reached XP level 9. HP: 49/70 MP: 8/8
  7211 | D:7      | Acquired Makhleb's first power
  7454 | D:7      | Reached skill level 14 in Long Blades
  7822 | D:7      | Found a deep blue altar of Sif Muna.
  8052 | D:8      | Acquired Makhleb's second power
  8055 | D:8      | Reached skill level 15 in Long Blades
  8122 | D:8      | Found a shimmering altar of Xom.
  8599 | D:8      | You fall through a shaft for 3 floors!
  8608 | D:10     | Entered Level 10 of the Dungeon
  8618 | D:10     | Noticed Fannar
  8651 | D:10     | Acquired Makhleb's third power
  8666 | D:10     | Killed from afar by Fannar

Vault maps used:
D:1:      evilmike_arrival_rings, feat_on_display
D:2:      first_bread
D:3:      cheibriados_altar_1, lemuel_round_altar, uniq_natasha
D:4:      tgw_trog, uniq_robin
D:5:      serial_shops, shop, portal_sewer_entry_f
D:6:      nicolae_overflow_crystal_walls, minmay_temple_entry_nine_rooms
D:7:      led_sif_pool
D:8:      lemuel_crystal_altar
D:10:     grunt_lair_entry_elf_guard_hut, david_orc_2, serial_shops,
          shop_statue, hangedman_stone_soup, nicolae_for_you_no_charge,
          uniq_fannar
D:11:     uniq_nergalle
Temple:   jpeg_temple_clearing_12
Sewer:    sewer_kobolds

Action                   |  1- 3 |  4- 6 |  7- 9 || total
-------------------------+-------+-------+-------++-------
Melee: Long sword        |    94 |   265 |   499 ||   858
  Use: Potion            |     1 |     2 |     5 ||     8
       Scroll            |       |    10 |     2 ||    12
  Eat: Chunk             |     1 |     8 |     9 ||    18
       Pizza             |       |     1 |       ||     1
       Fruit             |       |       |     2 ||     2
       Bread ration      |       |       |     1 ||     1
